 Dungeon Sprint DCSS version 0.30-a0-469-g84de5afbc5 (webtiles) character file.

Game seed: 8004886723780184568

5600000 NinjaNoafa the Conqueror (level 22, -8/233 HPs)
             Began as a Pale Draconian Warper on Dec 19, 2022.
             Was the Champion of Makhleb.
             Mangled by a destroyer
             ... wielding a +9 vorpal great sword
              (20 damage)
             ... in the Dungeon (Sprint VIII: "Arena of Blood").
             The game lasted 00:01:01 (56 turns).

NinjaNoafa the Conqueror (Pale Draconian Warper)      Turns: 56, Time: 00:01:01

Health: -8/233     AC: 11    Str: 17    XL:     22   Next: 79%
Magic:  12/53      EV: 30    Int: 14    God:    Makhleb [******]
Gold:   0          SH:  0    Dex: 18    Spells: 75/75 levels left

rFire   . . .      SeeInvis .    i - +∞ Axe of Woe
rCold   . . .      Faith    .    (shield currently unavailable)
rNeg    . . .      Spirit   .    (body armour unavailable)
rPois   .          Reflect  .    (helmet restricted)
rElec   .          Harm     .    (no cloak)
rCorr   .          Rampage  .    (no gloves)
Will    +....      NoTele   +    (no boots)
Stlth   ++++++....               (no amulet)
HPRegen 0.58/turn                (no ring)
MPRegen 0.33/turn                (no ring)

@: hasted, very quick
A: breathe steam, AC +11, unfitting armour, cold-blooded, steam resistance
a: Breathe Steam, Renounce Religion, Minor Destruction, Lesser Servant of
Makhleb, Major Destruction, Greater Servant of Makhleb


You were in the Dungeon.
You worshipped Makhleb.
Makhleb was exalted by your worship.
You visited 1 branch

Inventory:

Hand Weapons
 a - a +0 hand axe
 i - the +∞ Axe of Woe (weapon)
   (You found it in the Dungeon)
Missiles
 c - 6 boomerangs of dispersal (quivered)
Potions
 d - a potion of curing
 e - a potion of heal wounds
 g - 2 potions of magic
 h - a potion of berserk rage


   Skills:
 O Level 27 Fighting
 + Level 15.8(18.0) Short Blades
 + Level 14.2(17.2) Long Blades
 O Level 27 Axes
 + Level 14.3(23.6) Maces & Flails
 + Level 14.2(23.6) Polearms
 + Level 14.2(18.7) Staves
 + Level 13.1 Ranged Weapons
 O Level 27 Throwing
 O Level 27 Dodging
 + Level 15.8 Stealth
 + Level 15.8 Shields
 + Level 15.8 Unarmed Combat
 O Level 27 Spellcasting
 + Level 15.8 Conjurations
 + Level 14.6 Hexes
 + Level 15.8 Summonings
 + Level 15.8 Necromancy
 O Level 27 Translocations
 + Level 15.8 Transmutations
 + Level 17.1 Fire Magic
 + Level 15.8 Ice Magic
 + Level 17.1 Air Magic
 + Level 15.8 Earth Magic
 + Level 15.8 Poison Magic
 + Level 17.1 Invocations
 + Level 17.1 Evocations


You had 75 spell levels left.
You didn't know any spells.
Your spell library contained the following spells:

 Spells                   Type           Power      Damage    Failure   Level
 Blink                    Tloc           100%       N/A       0%          2
 Lesser Beckoning         Tloc           100%       N/A       0%          3
 Teleport Other           Tloc           76%        N/A       0%          3
 Vhi's Electric Charge    Tloc/Air       100%       N/A       0%          3
 Manifold Assault         Tloc           76%        N/A       0%          4


Dungeon Overview and Level Annotations

Branches:
Dungeon (1/1)

Altars:
Makhleb


Innate Abilities, Weirdness & Mutations

You can breathe blasts of scalding, opaque steam.
Your pale cyan-grey scales are hard. (AC +11)
You cannot fit into any form of body armour.
You are cold-blooded and may be slowed by cold attacks.
You are immune to the effects of steam.


Message History

The bag of meat convulses!
The meat berserker convulses!
The bag of meat convulses! x2; The meat berserker convulses!
The bag of meat convulses!
Your body is wracked with pain!
The meat berserker convulses!
The large bag of meat convulses!
Flame seeps out of the large bag of meat.
The bag of meat convulses!
The meat berserker is engulfed in blazing flames.
Your base Short Blades skill increases to level 15!
Your base Long Blades skill increases to level 14!
Your base Maces & Flails skill increases to level 14!
Your base Polearms skill increases to level 14!
Your base Staves skill increases to level 14!
Your Ranged Weapons skill increases to level 13!
Your Stealth skill increases to level 15!
Your Shields skill increases to level 15!
Your Unarmed Combat skill increases to level 15!
Your Conjurations skill increases to level 15!
Your Hexes skill increases to level 14!
Your Summonings skill increases to level 15!
Your Necromancy skill increases to level 15!
Your Transmutations skill increases to level 15!
Your Fire Magic skill gained 2 levels and is now at level 17!
Your Ice Magic skill increases to level 15!
Your Air Magic skill gained 2 levels and is now at level 17!
Your Earth Magic skill increases to level 15!
Your Poison Magic skill increases to level 15!
Your Invocations skill gained 2 levels and is now at level 17!
Your Evocations skill gained 2 levels and is now at level 17!
The meat berserker appears out of thin air!
A meat berserker comes into view. It is wielding a +9 battleaxe.
You hear a shout! x2
A meat berserker comes into view. It is wielding a +9 battleaxe.
You hear a shout!
The large bag of meat is engulfed in blazing flames.
The meat berserker is engulfed in blazing flames.
You hear a shout!
The bag of meat is engulfed in blazing flames.
The destroyer hits you with a +9 vorpal great sword!!!!
* * * LOW HITPOINT WARNING * * *
You die...

.O#......###.......##
O..............###§...
.......#.......)_)O..V
....#o..§§O.#..)).#..
###..o.)§.o..#O.<._#..
.##....#..).§o.#.....#..
#......o○#§Oo....._V....
#oooo..VO)O)..M..###....
...Voo.@○o§○###.......##
...o.oV)O)z)..#.......#
.......oo§....#....§ .#
..§O.#....o...... ..
....#o#.#....D....
....o#.#..OO......
#...#.# #.........
##...# .....#....


You could see an accursed, an eight-headed meat hydra, 3 destroyers, a sculptor
of flesh, 3 large bags of meat, 6 meat berserkers and 19 bags of meat.

Vanquished Creatures
  A royal mummy (D)
  5 vampire knights (D)
  27 ogres (D)
  3 two-headed ogres (D)
  A lich (D)
  29 orcs (D)
  3 skeletal warriors (D)
69 creatures vanquished.

Notes
Turn   | Place    | Note
-------+----------+-------------------------------------------
     0 | D        | Found the +∞ Axe of Woe
     0 | D        | NinjaNoafa the Draconian Warper began the quest for the
                  | Orb.
     0 | D        | Reached XP level 1. HP: 17/17 MP: 3/3
     1 | D        | Noticed a meat berserker
     2 | D        | Noticed a meat berserker
     4 | D        | Noticed a meat berserker
     4 | D        | Noticed a meat berserker
     5 | D        | Noticed a bag of meat
     6 | D        | Became a worshipper of Makhleb the Destroyer
     7 | D        | Killed a meat berserker
     8 | D        | Reached XP level 2. HP: 45/45 MP: 3/14
     8 | D        | Reached XP level 3. HP: 51/51 MP: 3/16
     8 | D        | Reached XP level 4. HP: 59/59 MP: 3/17
     8 | D        | Reached XP level 5. HP: 66/66 MP: 3/19
     8 | D        | Reached XP level 6. HP: 73/73 MP: 3/20
     8 | D        | Your scales start taking on a pale cyan-grey colour.
     8 | D        | Reached XP level 7. HP: 80/80 MP: 3/22
     8 | D        | Gained mutation: You are immune to the effects of steam.
                  | [Pale Draconian growth]
     8 | D        | Reached XP level 8. HP: 88/88 MP: 3/23
     8 | D        | Reached XP level 9. HP: 94/94 MP: 3/24
     8 | D        | Reached XP level 10. HP: 102/102 MP: 3/25
     8 | D        | Reached XP level 11. HP: 108/108 MP: 3/26
     8 | D        | Killed a meat berserker
     8 | D        | Reached * piety under Makhleb
     8 | D        | Noticed a meat berserker
     9 | D        | Reached skill level 15 in Translocations
     9 | D        | Reached XP level 12. HP: 122/122 MP: 3/29
     9 | D        | Reached XP level 13. HP: 128/128 MP: 3/30
     9 | D        | Killed a meat berserker
    10 | D        | Reached skill level 15 in Axes
    10 | D        | Noticed a bag of meat
    10 | D        | Noticed a bag of meat
    10 | D        | Noticed a bag of meat
    11 | D        | Killed a bag of meat
    11 | D        | Noticed a bag of meat
    12 | D        | Reached skill level 15 in Throwing
    12 | D        | Reached skill level 15 in Dodging
    12 | D        | Reached skill level 15 in Spellcasting
    12 | D        | Reached XP level 14. HP: 143/143 MP: 3/33
    12 | D        | Killed a meat berserker
    12 | D        | Reached ** piety under Makhleb
    12 | D        | Killed a meat berserker
    12 | D        | Noticed a meat berserker
    12 | D        | Noticed a meat berserker
    12 | D        | Noticed a bag of meat
    13 | D        | Reached XP level 15. HP: 155/155 MP: 4/36
    14 | D        | Noticed a meat berserker
    15 | D        | Noticed a meat berserker
    15 | D        | Killed a meat berserker
    15 | D        | Killed a meat berserker
    15 | D        | Reached *** piety under Makhleb
    17 | D        | Reached XP level 16. HP: 170/170 MP: 5/39
    17 | D        | Killed a meat berserker
    18 | D        | Reached **** piety under Makhleb
    21 | D        | Killed a meat berserker
    22 | D        | Reached XP level 17. HP: 185/185 MP: 6/42
    22 | D        | Noticed a destroyer
    22 | D        | Reached ***** piety under Makhleb
    22 | D        | Noticed a meat berserker
    25 | D        | Noticed a large bag of meat
    26 | D        | Noticed a meat berserker
    26 | D        | Noticed a large bag of meat
    26 | D        | Noticed a destroyer
    26 | D        | Noticed a meat berserker
    28 | D        | Noticed a destroyer
    29 | D        | Noticed a meat berserker
    29 | D        | Noticed a meat berserker
    29 | D        | Noticed a destroyer
    29 | D        | Noticed a large bag of meat
    30 | D        | Noticed a meat berserker
    31 | D        | Noticed a large bag of meat
    31 | D        | Noticed a meat berserker
    32 | D        | Noticed a meat berserker
    33 | D        | Killed a destroyer
    33 | D        | Killed a meat berserker
    34 | D        | Noticed a sculptor of flesh
    34 | D        | Noticed a large bag of meat
    34 | D        | Noticed a destroyer
    35 | D        | Noticed a meat berserker
    36 | D        | Noticed a meat berserker
    36 | D        | Noticed an eight-headed meat hydra
    36 | D        | Noticed a destroyer
    37 | D        | Killed a meat berserker
    37 | D        | Killed a meat berserker
    38 | D        | Reached skill level 27 in Fighting
    38 | D        | Reached XP level 18. HP: 98/200 MP: 9/46
    38 | D        | Killed a destroyer
    38 | D        | Killed a meat berserker
    39 | D        | Reached skill level 27 in Axes
    39 | D        | Reached skill level 27 in Translocations
    39 | D        | Noticed a meat berserker
    39 | D        | Noticed a sculptor of flesh
    40 | D        | Reached ****** piety under Makhleb
    41 | D        | Reached XP level 19. HP: 119/207 MP: 9/49
    41 | D        | Killed a large bag of meat
    41 | D        | Killed a destroyer
    41 | D        | Killed a large bag of meat
    42 | D        | Reached skill level 27 in Throwing
    42 | D        | Reached skill level 27 in Dodging
    42 | D        | Reached skill level 27 in Spellcasting
    42 | D        | Reached skill level 5 in Short Blades
    42 | D        | Reached skill level 5 in Long Blades
    42 | D        | Reached skill level 5 in Maces & Flails
    42 | D        | Reached skill level 5 in Polearms
    42 | D        | Reached skill level 5 in Staves
    42 | D        | Reached skill level 5 in Stealth
    42 | D        | Reached skill level 5 in Shields
    42 | D        | Reached skill level 5 in Unarmed Combat
    42 | D        | Reached skill level 5 in Conjurations
    42 | D        | Reached skill level 5 in Hexes
    42 | D        | Reached skill level 5 in Summonings
    42 | D        | Reached skill level 5 in Necromancy
    42 | D        | Reached skill level 5 in Transmutations
    42 | D        | Reached skill level 5 in Ice Magic
    42 | D        | Reached skill level 5 in Earth Magic
    42 | D        | Reached skill level 5 in Poison Magic
    43 | D        | Noticed an accursed
    43 | D        | Killed a large bag of meat
    43 | D        | Killed a meat berserker
    43 | D        | Killed a meat berserker
    43 | D        | Noticed a tyrant
    43 | D        | Noticed a meat berserker
    43 | D        | Noticed a meat berserker
    43 | D        | Noticed a meat berserker
    44 | D        | Reached XP level 20. HP: 43/216 MP: 10/51
    44 | D        | Killed a meat berserker
    44 | D        | Noticed a meat berserker
    44 | D        | Noticed a meat berserker
    45 | D        | Killed a destroyer
    46 | D        | Killed a destroyer
    46 | D        | Noticed a meat berserker
    47 | D        | Reached skill level 10 in Fire Magic
    47 | D        | Reached skill level 10 in Air Magic
    47 | D        | Reached skill level 10 in Invocations
    47 | D        | Reached skill level 10 in Evocations
    47 | D        | Noticed a meat berserker
    48 | D        | Killed a meat berserker
    48 | D        | Killed a meat berserker
    48 | D        | Noticed a meat berserker
    49 | D        | Reached skill level 10 in Short Blades
    49 | D        | Reached skill level 10 in Stealth
    49 | D        | Reached skill level 10 in Shields
    49 | D        | Reached skill level 10 in Unarmed Combat
    49 | D        | Reached skill level 10 in Conjurations
    49 | D        | Reached skill level 10 in Summonings
    49 | D        | Reached skill level 10 in Necromancy
    49 | D        | Reached skill level 10 in Transmutations
    49 | D        | Reached skill level 10 in Ice Magic
    49 | D        | Reached skill level 10 in Earth Magic
    49 | D        | Reached skill level 10 in Poison Magic
    49 | D        | Killed a meat berserker
    49 | D        | Killed an accursed
    49 | D        | Noticed a meat berserker
    50 | D        | Reached skill level 10 in Long Blades
    50 | D        | Reached skill level 10 in Maces & Flails
    50 | D        | Reached skill level 10 in Polearms
    50 | D        | Reached skill level 10 in Staves
    50 | D        | Reached skill level 10 in Hexes
    50 | D        | Reached XP level 21. HP: 105/224 MP: 11/52
    51 | D        | Noticed a destroyer
    51 | D        | Noticed a destroyer
    52 | D        | Noticed a large bag of meat
    53 | D        | Reached skill level 10 in Ranged Weapons
    53 | D        | Killed a tyrant
    54 | D        | Reached skill level 15 in Fire Magic
    54 | D        | Reached skill level 15 in Air Magic
    54 | D        | Reached skill level 15 in Invocations
    54 | D        | Reached skill level 15 in Evocations
    54 | D        | Reached XP level 22. HP: 230/233 MP: 11/53
    54 | D        | Noticed an accursed
    56 | D        | Reached skill level 15 in Short Blades
    56 | D        | Reached skill level 15 in Stealth
    56 | D        | Reached skill level 15 in Shields
    56 | D        | Reached skill level 15 in Unarmed Combat
    56 | D        | Reached skill level 15 in Conjurations
    56 | D        | Reached skill level 15 in Summonings
    56 | D        | Reached skill level 15 in Necromancy
    56 | D        | Reached skill level 15 in Transmutations
    56 | D        | Reached skill level 15 in Ice Magic
    56 | D        | Reached skill level 15 in Earth Magic
    56 | D        | Reached skill level 15 in Poison Magic
    56 | D        | Mangled by a destroyer

Illustrated notes

Levels and vault maps discovered:
D:        meatsprint

Skill      XL: |  1  2  3  4  5  6  7  8  9 10 11 12 13 14 15 16 17 18 19 20 21 22 |
---------------+-------------------------------------------------------------------+-----
Fighting       | 13 16 18 20 22 25 27 | 27.0
Axes           | 12 14 16 18 20 23 26 27 | 27.0
Throwing       | 11 13 15 17 19 21 24 26 27 | 27.0
Dodging        | 11 13 15 17 19 21 24 26 27 | 27.0
Spellcasting   | 11 13 15 17 19 21 24 26 27 | 27.0
Translocations | 13 15 16 18 20 23 26 27 | 27.0
Short Blades   | 7 11 14 15 | 15.8
Long Blades    | 6 10 13 14 | 14.2
Maces & Flails | 6 10 13 14 | 14.3
Polearms       | 6 10 13 14 | 14.2
Staves         | 6 10 13 14 | 14.2
Ranged Weapons | 6 9 12 13 | 13.1
Stealth        | 7 11 14 15 | 15.8
Shields        | 7 11 14 15 | 15.8
Unarmed Combat | 7 11 14 15 | 15.8
Conjurations   | 7 11 14 15 | 15.8
Hexes          | 6 10 13 14 | 14.6
Summonings     | 7 11 14 15 | 15.8
Necromancy     | 7 11 14 15 | 15.8
Transmutations | 7 11 14 15 | 15.8
Fire Magic     | 8 12 15 17 | 17.1
Ice Magic      | 7 11 14 15 | 15.8
Air Magic      | 8 12 15 17 | 17.1
Earth Magic    | 7 11 14 15 | 15.8
Poison Magic   | 7 11 14 15 | 15.8
Invocations    | 8 12 15 17 | 17.1
Evocations     | 8 12 15 17 | 17.1

Action                   |  1- 3 |  4- 6 |  7- 9 | 10-12 | 13-15 | 16-18 | 19-21 | 22-24 || total
-------------------------+-------+-------+-------+-------+-------+-------+-------+-------++-------
Melee: Executioner's axe |     1 |       |       |     1 |     5 |    10 |    10 |     1 ||    28
Throw: Boomerang         |       |       |       |       |       |       |     1 |       ||     1
 Abil: Breathe Steam     |       |       |       |       |     1 |       |       |       ||     1
  Use: Scroll            |     2 |       |       |       |       |       |       |       ||     2
       Potion            |       |       |       |       |       |     1 |       |       ||     1

Table legend: (Time is in decaauts)
 A = Elapsed time spent in this place.
 B = Non-inter-level travel time spent in this place.
 C = Inter-level travel time spent in this place.
 D = Time resting spent in this place.
 E = Time spent auto-exploring this place.
 F = Levels seen in this place.
 G = Mean time per level.
                   A        B        C        D        E       F      G
               +--------+--------+--------+--------+--------+-----+--------+
         Total |     41 |     41 |      0 |      0 |      0 |   1 |   41.0 |
       Dungeon |     41 |     41 |      0 |      0 |      0 |   1 |   41.0 |
               +--------+--------+--------+--------+--------+-----+--------+

Top non-repeatable levels by time:
       D: 41 daAuts
